 Dungeon Crawl Stone Soup version 0.31-a0-190-g4feb4907b2 (webtiles) character file.

Game seed: 12711334217240995506

25 qw the Shooter (level 2, -3/16 HPs)
             Began as a Deep Elf Hunter on June 23, 2023.
             Succumbed to their own poison gas
             ... on level 1 of the Dungeon.
             The game lasted 00:00:15 (618 turns).

qw the Shooter (Deep Elf Hunter)                     Turns: 618, Time: 00:00:15

Health: -3/16      AC:  5    Str:  8    XL:     2   Next: 86%
Magic:  4/4        EV: 15    Int: 13    God:
Gold:   45         SH:  0    Dex: 18    Spells: 1/1 levels left

rFire   . . .        Y - +0 shortbow
rCold   . . .        (shield currently unavailable)
rNeg    . . .        j - +0 ring mail
rPois   .            (no helmet)
rElec   .            (no cloak)
rCorr   .            (no gloves)
SInv    .            (no boots)
Will    .....        (no amulet)
Stlth   +            e - +5 ring of evasion
HPRegen 0.22/turn    (no ring)
MPRegen 0.09/turn

%: no passive effects
@: lethally poisoned (-3 -> -20), weak-willed, very slow
A: no striking features
a: no special abilities


You were on level 1 of the Dungeon.
You visited 1 branch of the dungeon, and saw 1 of its levels.

You collected 45 gold pieces.


   Skills:
 - Level 1.5 Fighting
 + Level 6.5 Ranged Weapons
 - Level 2.4 Dodging
 - Level 1.2 Stealth


You had one spell level left.
You didn't know any spells.
Your spell library was empty.

Inventory:

Hand Weapons
 Y - a +0 shortbow (weapon)
Armour
 j - a +0 ring mail (worn)
Jewellery
 e - a +5 ring of evasion (left hand)
Potions
 f - a potion of ambrosia {unknown}
 g - a potion of degeneration {unknown}
 h - a potion of heal wounds {unknown}

Dungeon Overview and Level Annotations

Branches:
Dungeon (1/15)

Altars:


Message History

612 ||| UPGRADING to +5 ring of evasion.
e - a +5 ring of evasion (left hand) Done exploring.
613 ||| READING scroll labelled GIKHELLOTRU.
As you read the scroll labelled GIKHELLOTRU, it crumbles to dust.
It is a scroll of identify.
Really abort (and waste the scroll)?
Done exploring.
614 ||| READING scroll labelled HIOTANKAKOK.
The air fills with toxic fumes!
As you read the scroll labelled HIOTANKAKOK, it crumbles to dust.
It was a scroll of poison.
Done exploring.
615 ||| READING scroll labelled VUIMYSCH UHUKY.
As you read the scroll labelled VUIMYSCH UHUKY, it crumbles to dust.
Magic quickly surges around you.
It was a scroll of vulnerability.
Done exploring.
616 ||| DROPPING scroll of butterflies.
You drop a scroll of butterflies.
Done exploring.
(D) Dungeon
Where to? (* - list waypoints, ? - help)
What level of the Dungeon? (default 1, ? - help) Sorry, I don't know how to get there.
Enter note:
Enter note:
Enter note:
Enter note:
Enter note:
Enter note:
Enter note:
Enter note:
Enter note: Really walk into that cloud of poison gas?
You enter the shallow water.
Moving in this stuff is going to be slow.
You are engulfed in poison gas.
You are lethally poisoned!
Ouch! That really hurt!
You feel very sick.
618 ||| Stepping ~*~*~tactically~*~*~ (cloud).
You die...

########.####..##.#.##.
#........####..##.#.##.
#.###.##..........#....
#.....~...~~...........
#.~#~##.~~~.~#~#~..###.
#.~~8~#~#~###~8#~.## #.
#¤.#~.~~~_~~...#.#####.
#¤¤###~...~..#~~~.....^
##¤¤?#@.~~~~.~~~~#.##..
###¤¤¤¤¤¤¤¤~#~###.##..
#¤¤#¤¤¤¤¤##.....##..
##¤##¤¤¤¤#~..######.
#¤¤.~¤¤¤.~..# #.
########...## #. #####
#. #. #.


There were no monsters in sight!

Vanquished Creatures
  A dart slug (D:1)
  4 ball pythons (D:1)
  An endoplasm (D:1)
  A giant cockroach (D:1)
  4 goblins (D:1)
  A hobgoblin (D:1)
  4 kobolds (D:1)
  2 quokkas (D:1)
  2 frilled lizards (D:1)
  A spectral kobold (D:1)
21 creatures vanquished.

Notes
Turn   | Place    | Note
-------+----------+-------------------------------------------
     0 | D:1      | qw the Deep Elf Hunter began the quest for the Orb.
     0 | D:1      | Reached XP level 1. HP: 12/12 MP: 3/3
     0 | D:1      | 0 ||| qw: Version: 0.3-a-9-g12657ce
     0 | D:1      | 0 ||| qw: Game counter: 4470
     0 | D:1      | 0 ||| qw: Always use a shield: true
     0 | D:1      | 0 ||| qw: God list: Okawaru
     0 | D:1      | 0 ||| qw: Allow faded altars: false
     0 | D:1      | 0 ||| qw: Do Orc after D:15 true
     0 | D:1      | 0 ||| qw: Do second Lair branch before Depths: true
     0 | D:1      | 0 ||| qw: Lair rune preference: random
     0 | D:1      | 0 ||| qw: Plans: Normal
     0 | D:1      | 0 ||| PLANNING D:1-11
    73 | D:1      | Reached skill level 6 in Ranged Weapons
    73 | D:1      | Reached XP level 2. HP: 16/16 MP: 4/4
   278 | D:1      | Found a faded altar of an unknown god.
   601 | D:1      | 601 ||| UPGRADING to +0 ring mail.
   611 | D:1      | 611 ||| DROPPING +0 leather armour.
   612 | D:1      | 612 ||| UPGRADING to +5 ring of evasion.
   613 | D:1      | 613 ||| READING scroll labelled GIKHELLOTRU.
   614 | D:1      | 614 ||| READING scroll labelled HIOTANKAKOK.
   615 | D:1      | 615 ||| READING scroll labelled VUIMYSCH UHUKY.
   616 | D:1      | 616 ||| DROPPING scroll of butterflies.
   617 | D:1      | HP: 3/16 [poisoned by you (poison gas)]
   618 | D:1      | 618 ||| Stepping ~*~*~tactically~*~*~ (cloud).
   618 | D:1      | Succumbed to their own poison gas

Levels and vault maps discovered:
D:1:      amcnicky_arrival_underground_garden, layout_loops_ring,
          dreamdust_ecumenical_altar_drowned_temple, minmay_curled_crystal

Skill      XL: |  1 |
---------------+----+-----
Ranged Weapons | 6 |  6.5
Fighting       | |  1.5
Dodging        | |  2.4
Stealth        | |  1.2

Action                     || total
---------------------------++-------
   Fire: Shortbow          ||    52
    Use: Scroll            ||     3
 Armour: Leather armour    ||     2
  Dodge: Dodged            ||     5

Table legend:
 A = Non-vault XP
 B = Vault XP
 C = Vault XP percentage of total XP
 D = Non-vault monster count
 E = Vault monster count
 F = Vault count percentage of total count
                 A         B        C        D         E       F
            +---------+---------+-------+---------+---------+-------
      Total |      36 |       1 |   2.7 |      20 |       1 |   4.8
            +---------+---------+-------+---------+---------+-------
        D:1 |      36 |       1 |   2.7 |      20 |       1 |   4.8
            +---------+---------+-------+---------+---------+-------
